 Dungeon Crawl Stone Soup version 0.28.0-53-g5a82cb258f (webtiles) character file.

Game seed: 12234563349866319276

110 Holzbalken the Chopper (level 4, -2/33 HPs)
             Began as a Demonspawn Gladiator on May 26, 2022.
             Slain by a gnoll
             ... wielding a +0 flail
              (6 damage)
             ... on level 2 of the Dungeon.
             The game lasted 00:05:06 (1984 turns).

Holzbalken the Chopper (Demonspawn Gladiator)       Turns: 1984, Time: 00:05:06

Health: -2/33      AC:  5    Str: 16    XL:     4   Next: 61%
Magic:  4/4        EV: 12    Int: 11    God:
Gold:   71         SH:  0    Dex: 15    Spells: 3/3 levels left

rFire   . . .      SeeInvis .   a - +0 war axe
rCold   . . .      Faith    .   (no shield)
rNeg    . . .      Spirit   .   b - +0 leather armour
rPois   .          Reflect  .   c - +0 helmet
rElec   .          Harm     .   (no cloak)
rCorr   .          Rampage  .   (no gloves)
Will    .....                   l - +0 pair of boots
Stlth   +.........              (no amulet)
HPRegen 0.11/turn               (no ring)
MPRegen 0.09/turn               (no ring)

@: no status effects
A: demonic guardian 2, big brain 1
a: no special abilities


You were on level 2 of the Dungeon.
You visited 1 branch of the dungeon, and saw 2 of its levels.

You collected 71 gold pieces.

Inventory:

Hand Weapons
 a - a +0 war axe (weapon)
Missiles
 d - 3 throwing nets (quivered)
Armour
 b - a +0 leather armour (worn)
 c - a +0 helmet (worn)
 l - a +0 pair of boots (worn)
Scrolls
 e - 2 scrolls of noise {unknown}
 f - 3 scrolls of brand weapon {unknown}
 i - 3 scrolls of blinking {unknown}
 j - a scroll of teleportation {unknown}
 k - a scroll of identify {unknown}
Potions
 g - a potion of attraction {unknown}
 h - a potion of might {unknown}


   Skills:
 - Level 2.0 Fighting
 + Level 5.0 Axes
 - Level 1.7 Throwing
 - Level 2.6 Dodging


You had 3 spell levels left.
You didn't know any spells.
Your spell library was empty.

Dungeon Overview and Level Annotations

Branches:
Dungeon (2/15)

Altars:

Shops:
D:2 [


Innate Abilities, Weirdness & Mutations

A demonic guardian rushes to your aid.
You have an unusually large brain. (Int +2)


Message History

You see here a +0 rapier.
A frilled lizard comes into view.
The frilled lizard hisses angrily.
A rat comes into view.
The frilled lizard bites you.
You closely miss the frilled lizard. You hit the rat.
You kill the rat!
The frilled lizard closely misses you. The frilled lizard bites you.
You hit the frilled lizard.
You kill the frilled lizard!
You see here a frilled lizard corpse.
Found a faded altar of an unknown god. 3 gnolls come into view.
The gnoll shouts!
You hit the gnoll.
The gnoll is heavily wounded.
The gnoll hits you with a +0 whip.
You slash the gnoll!
You kill the gnoll!
Your Axes skill increases to level 5!
Things that are here:
a +0 whip; a gnoll corpse A dart slug comes into view.
The gnoll shouts! x2
A nearby fungus withers and dies.
The dart slug launches a dart at you.
The slug dart hits you but does no damage.
The gnoll closely misses you.
You barely miss the gnoll.
The gnoll hits you from afar with a +0 spear.
The gnoll hits you but does no damage. The gnoll closely misses you.
You closely miss the gnoll. You slash the dart slug!
The gnoll hits you with a +0 flail!
A demonic guardian appears!
The gnoll closely misses you. The gnoll hits you with a +0 flail.
The dart slug splashes around in the water.
The gnoll hits you from afar with a +0 spear!
* * * LOW HITPOINT WARNING * * *
The gnoll hits you with a +0 flail.
You die...

..⌠≈≈⌠
#############..≈P.
#........... ..≈P### ..
#)##........##.≈.#_# ≈..
#.##.######.##.⌠.#.#P≈..
# #†##.# #.##.⌠P#.#P≈..
# #.##.# #.##.g.....≈..
###.##.###
#.##@gw4.≈≈⌠..
.........#
#.##.........#
#.####.#.#
##.####.####### ..#
#.#.# #.......# ###
#.#.# #..######
#.#.###).# #..†.....#
##...##.## #####
#......#


You could see 2 gnolls, a dart slug (ally target) and a friendly ice devil
(summoned).

Vanquished Creatures
  Jessica (D:2)
  A gnoll (D:2)
  An adder (D:2)
  A worm (D:2)
  A dart slug (D:1)
  6 endoplasms (D:1)
  A giant cockroach (D:1)
  5 goblins
  6 hobgoblins
  8 jackals
  A quokka (D:1)
  8 ball pythons
  2 bats
  A frilled lizard (D:2)
  4 kobolds
  8 rats
55 creatures vanquished.

Vanquished Creatures (collateral kills)
  A ball python (D:2)
1 creature vanquished.

Vanquished Creatures (others)
  2 fungi (D:2)
  A plant (D:2)
3 creatures vanquished.

Grand Total: 59 creatures vanquished

Notes
Turn   | Place    | Note
-------+----------+-------------------------------------------
     0 | D:1      | Holzbalken the Demonspawn Gladiator began the quest for the
                  | Orb.
     0 | D:1      | Reached XP level 1. HP: 16/16 MP: 1/1
    76 | D:1      | Reached skill level 3 in Axes
   193 | D:1      | Gained mutation: You have an unusually large brain. (Int
                  | +2) [demonic ancestry]
   193 | D:1      | Reached XP level 2. HP: 3/22 MP: 2/2
   805 | D:1      | Gained mutation: A weak demonic guardian rushes to your
                  | aid. [demonic ancestry]
   805 | D:1      | Reached XP level 3. HP: 23/27 MP: 3/3
  1014 | D:1      | Reached skill level 4 in Axes
  1228 | D:2      | Noticed Jessica
  1233 | D:2      | Killed Jessica
  1234 | D:2      | Gained mutation: A demonic guardian rushes to your aid.
                  | [demonic ancestry]
  1234 | D:2      | Reached XP level 4. HP: 33/33 MP: 4/4
  1876 | D:2      | Found Qapoph's Armour Boutique.
  1959 | D:2      | Found a faded altar of an unknown god.
  1973 | D:2      | Reached skill level 5 in Axes
  1984 | D:2      | Slain by a gnoll

Illustrated notes

Levels and vault maps discovered:
D:1:      dpeg_arrival_prison, layout_rooms
D:2:      layout_loops_ring, serial_forest, infiniplex_forest_straight_4,
          infiniplex_forest_3_way, infiniplex_forest_lined_ring,
          infiniplex_forest_clump_small, infiniplex_forest_straight_4,
          infiniplex_forest_straight_2, shapermc_ecumenical_altar_acropolis,
          serial_shops, shop, minmay_heptomino_o4, uniq_jessica

Skill      XL: |  1  2  3  4 |
---------------+-------------+-----
Axes           | 3 4 5 |  5.0
Fighting       | |  2.0
Throwing       | |  1.7
Dodging        | |  2.6

Action                   |  1- 3 |  4- 6 || total
-------------------------+-------+-------++-------
Melee: War axe           |    87 |    35 ||   122
       Punch             |     1 |       ||     1
 Stab: Sleeping          |     1 |       ||     1
Armor: Leather armour    |    28 |     9 ||    37
Dodge: Dodged            |    55 |    19 ||    74
